 Dungeon Crawl Stone Soup version 0.21.2 (webtiles) character file.

104 glosham the Skirmisher (level 5, -1/42 HPs)
             Began as a Formicid Berserker on Dec 25, 2018.
             Was a Believer of Trog.
             Slain by an adder (3 damage)
             ... in a sewer.
             The game lasted 00:11:29 (402 turns).

glosham the Skirmisher (Formicid Berserker)          Turns: 402, Time: 00:11:31

Health: -1/42      AC:  9    Str: 23    XL:     5   Next: 7%
Magic:  5/5        EV:  8    Int:  6    God:    Trog [**....]
Gold:   4          SH:  0    Dex: 10    Spells: 4/4 levels left

rFire    . . .     SeeInvis +   a - +0 war axe
rCold    . . .     Gourm    .   (no shield)
rNeg     . . .     Faith    .   f - +0 chain mail
rPois    .         Spirit   .   (helmet unavailable)
rElec    .         Reflect  .   (no cloak)
rCorr    .         Harm     .   (no gloves)
MR       .....                  (no boots)
Stlth    ..........             (no amulet)
HPRegen  0.14/turn              (no ring)
MPRegen  0.09/turn              (no ring)

@: lethally poisoned (-1 -> -3)
A: permanent stasis, dig shafts and tunnels, four strong arms, antennae 3
a: Dig, Shaft Self, Trog's Hand, Burn Spellbooks, Renounce Religion


You were in a sewer.
You worshipped Trog.
Trog was pleased with you.
You were not hungry.

You visited 1 branch of the dungeon, and saw 3 of its levels.
You also visited: Sewer.

You collected 4 gold pieces.

Inventory:

Hand Weapons
 a - a +0 war axe (weapon)
 b - a +0 hand axe
Missiles
 d - 22 arrows
Armour
 e - a +0 animal skin
 f - a +0 chain mail (worn)
Scrolls
 h - a scroll of identify {unknown}
 i - a scroll of remove curse
Comestibles
 c - 3 rations


   Skills:
 + Level 4.3 Fighting
 + Level 3.9 Axes
 + Level 3.5 Armour
 - Level 1.7 Dodging


You had 4 spell levels left.
You didn't know any spells.

Dungeon Overview and Level Annotations

Branches:
Dungeon (3/15)

Altars:


Innate Abilities, Weirdness & Mutations

You cannot be hasted, slowed, berserked, paralysed or teleported.
You can dig through walls and to a lower floor.
Your four strong arms can wield two-handed weapons with a shield.
You have a pair of large antennae on your head. (SInv)


Message History

The ball python bites you but does no damage.
The ball python constricts you. The adder bites you but does no damage.
The ball python bites you but does no damage.
The ball python constricts you.
You barely miss the adder.
The adder is heavily wounded.
Your chain mail prevents you from hitting the ball python.
You feel sick. The adder bites you.
The ball python bites you but does no damage.
The ball python constricts you. The adder bites you but does no damage.
The ball python bites you but does no damage.
The ball python constricts you.
You escape the ball python's grasp.
You closely miss the adder.
The adder is moderately wounded.
You feel sick. The adder bites you.
* * * LOW HITPOINT WARNING * * *
The ball python bites you.
* * * LOW HITPOINT WARNING * * *
The ball python grabs you.
* * * LOW HITPOINT WARNING * * *
The ball python constricts you. The adder bites you but does no damage.
You miss the adder.
The adder is moderately wounded.
You slash the ball python!
You kill the ball python!
Trog accepts your kill. The adder closely misses you.
You miss the adder.
The adder is moderately wounded.
You feel sick. The adder bites you but does no damage.
The adder barely misses you.
You closely miss the adder.
The adder is moderately wounded.
The adder barely misses you. The adder bites you.
* * * LOW HITPOINT WARNING * * *
You closely miss the adder.
The adder is moderately wounded.
The adder bites you.
You die...

...# #...#
#....#################
#......≈≈≈≈≈≈≈†.≈≈≈≈≈≈
#......≈≈≈≈#≈≈≈≈≈≈≈#≈≈
#.....≈≈≈≈≈≈#≈≈≈≈≈≈≈≈≈
#...†.†≈≈≈≈≈≈≈≈≈≈≈≈≈≈
##..S†≈≈≈≈≈≈≈≈≈≈≈≈≈≈≈
###@#≈≈≈≈≈≈≈≈≈≈≈≈≈≈≈
##################
####################
##....≈≈≈≈≈≈≈≈≈≈≈≈≈≈≈


You could see an adder.

Vanquished Creatures
  An orc wizard (D:3)
  3 adders (D:3)
  2 leopard geckos
  8 orcs (D:3)
  2 bats
  2 giant cockroaches (D:3)
  5 hobgoblins (D:3)
  2 kobolds
  3 ball pythons (Sewer)
  3 frilled lizards
  16 rats
47 creatures vanquished.

Notes
Turn   | Place    | Note
-------+----------+-------------------------------------------
     0 | D:1      | glosham the Formicid Berserker began the quest for the Orb.
     0 | D:1      | Reached XP level 1. HP: 18/18 MP: 1/1
    42 | D:1      | Reached XP level 2. HP: 22/24 MP: 2/2
    77 | D:2      | You fall through a shaft!
   191 | D:3      | Reached XP level 3. HP: 25/30 MP: 3/3
   201 | D:3      | Found a glowing drain.
   232 | D:3      | Reached skill level 3 in Armour
   232 | D:3      | Reached XP level 4. HP: 25/37 MP: 4/4
   248 | D:3      | Reached skill level 4 in Fighting
   260 | D:3      | Reached ** piety under Trog
   290 | Sewer    | Entered a sewer
   369 | Sewer    | Reached XP level 5. HP: 42/42 MP: 5/5
   398 | Sewer    | HP: 4/42 [ball python (1)]
   402 | Sewer    | Slain by an adder

Skill      XL: |  1  2  3  4 |
---------------+-------------+-----
Armour         | 3 |  3.5
Fighting       | 4 |  4.3
Axes           | |  3.9
Dodging        | |  1.7

Action                   |  1- 3 |  4- 6 || total
-------------------------+-------+-------++-------
Melee: Hand axe          |    41 |       ||    41
       War axe           |    29 |    62 ||    91
 Abil: Dig               |     4 |     2 ||     6
       Shaft Self        |     1 |       ||     1
  Use: Scroll            |     2 |       ||     2
Armor: Chain mail        |    10 |    52 ||    62
Dodge: Dodged            |    44 |    32 ||    76

Table legend:
 A = Turns spent in this place as a percentage of turns spent in the entire game.
 B = Non-inter-level travel turns spent in this place as a percentage of non-inter-level travel turns spent in the entire game.
 C = Inter-level travel turns spent in this place as a percentage of turns spent in this place.
 D = Turns resting spent in this place as a percentage of non-inter-level travel turns spent in this place.
 E = Turns spent auto-exploring this place as a percentage of non-inter-level travel turns spent in this place.
 F = Non-inter-level travel turns spent in this place divided by the number of levels of this place that you've seen.
                   A       B       C       D       E      F
               +-------+-------+-------+-------+-------+----------------------
         Total | 100.0 | 100.0 |   0.0 |   0.0 |   0.0 | 100.5
       Dungeon |  72.1 |  72.1 |   0.0 |   0.0 |   0.0 |  96.7
         Sewer |  27.9 |  27.9 |   0.0 |   0.0 |   0.0 | 112.0
               +-------+-------+-------+-------+-------+----------------------

Table legend:
 A = Kills in this place as a percentage of kills in entire the game.
 B = Kills by you in this place as a percentage of kills by you in the entire game.
 C = Kills by friends in this place as a percentage of kills by friends in the entire game.
 D = Other kills in this place as a percentage of other kills in the entire game.
 E = Experience gained in this place as a percentage of experience gained in the entire game.
 F = Experience gained in this place divided by the number of levels of this place that you have seen.
                   A       B       C       D       E      F
               +-------+-------+-------+-------+-------+----------------------
         Total | 100.0 | 100.0 |   N/A |   N/A | 100.0 |  37.2
       Dungeon |  57.4 |  57.4 |   N/A |   N/A |  85.9 |  42.7
         Sewer |  42.6 |  42.6 |   N/A |   N/A |  14.1 |  21.0
               +-------+-------+-------+-------+-------+----------------------

Vault maps used:
D:1:      matt_arrival_grand_opening, serial_park_tiny_pond
D:2:      makhleb_altar_promises_db, uniq_jessica
D:3:      led_sif_book, gup_sewer_entry_glass, minmay_tree_intersection,
          uniq_crazy_yiuf_cottage
Sewer:    sewer_minmay_w
